Cogmind - Beta 13 @@@ ROGUE MODE // 2024.08.03 @ 18:21:25 Player: Daffa0360 Result: Destroyed by G-47 Trooper with Particle Gun Performance ------------- Evolutions (2) 1000 Regions Visited (3) 600 Robots Destroyed (21) 105 Value Destroyed (760) 760 Prototype IDs (0) 0 Alien Tech Used (0) 0 Bonus (0) 0 TOTAL SCORE: 2465 Bonus ------- None Cogmind --------- Core Integrity 0/550 Matter 130/300 Energy 119/265 System Corruption 5% Temperature Warm (123) Movement Core (250) Ox4 Location -8/Materials Parts ------- > --- POWER (1) -------- Improved Ion Engine > --- PROPULSION (2) --- (None) > --- UTILITY (6) ------ Small Storage Unit Improved Signal Interpreter > --- WEAPON (2) ------- Pulse Rifle > --- INVENTORY (8) ---- Ion Engine Improved Sensor Array Microactuators Microactuators Reaction Control System Datajack Peak State ------------ > --- POWER ------------ Light Nuclear Core > --- PROPULSION ------- Armored Huge Wheel > --- UTILITY ---------- Advanced Heat Sink Small Storage Unit Trap Scanner Sensor Array Signal Interpreter Improved Signal Interpreter > --- WEAPON ----------- Pulse Rifle Advanced Assault Cannon > --- INVENTORY -------- Ion Engine Improved Ion Engine Improved Sensor Array Microactuators Microactuators Medium Laser Advanced Assault Cannon Datajack [Rating: 34] Favorites ----------- Power Improved Ion Engine Engine Improved Ion Engine Power Core Light Nuclear Core Propulsion Armored Huge Wheel Leg Aluminum Leg Wheel Armored Huge Wheel Utility Small Storage Unit Device Sensor Array Storage Small Storage Unit Processor Improved Signal Interpreter Protection Scrap Shield Weapon Advanced Assault Cannon Energy Gun Medium Laser Ballistic Gun Assault Rifle Ballistic Cannon Advanced Assault Cannon Build | -11 -10 -10 -8 ------- Run | Yrd Mat Sub Mat Slots Evolved 4 | . . . 4 Power . | . . . . Propulsion . | . . . . Utility 4 | . . . 4 Weapon . | . . . . Parts Attached 27 | 6 1 . 20 Power 4 | 1 . . 3 Engine 3 | 1 . . 2 Core 1 | . . . 1 Reactor . | . . . . Propulsion 4 | 2 . . 2 Treads . | . . . . Leg 2 | 2 . . . Wheel 2 | . . . 2 Hover . | . . . . Flight . | . . . . Utility 12 | 1 1 . 10 Device 7 | . 1 . 6 Storage 1 | 1 . . . Processor 3 | . . . 3 Hackware . | . . . . Protection 1 | . . . 1 Artifact . | . . . . Weapon 7 | 2 . . 5 Energy Gun 3 | 1 . . 2 Energy Cannon . | . . . . Ballistic Gun 1 | 1 . . . Ballistic Cannon 3 | . . . 3 Launcher . | . . . . Special Weapon . | . . . . Impact Weapon . | . . . . Slashing Weapon . | . . . . Piercing Weapon . | . . . . Special Melee Weapon . | . . . . Unidentified Prototypes . | . . . . Parts Lost 13 | . . . 13 Power 2 | . . . 2 Propulsion 1 | . . . 1 Utility 7 | . . . 7 Weapon 3 | . . . 3 Highest Loss Streak 7 | . . . 7 To Critical Strikes . | . . . . Average Slot Usage (%) 82 | . 91 100 80 Engine 8 | . 14 14 7 Leg 4 | . 28 28 . Wheel 7 | . . . 8 Device 22 | . 5 14 25 Storage 9 | . 14 14 9 Processor 7 | . . . 9 Energy Gun 9 | . 14 14 8 Ballistic Gun 2 | . 14 14 . Ballistic Cannon 7 | . . . 8 Naked Turns . | . . . . Heaviest Build 37 | 14 15 15 37 Greatest Support 28 | 20 20 20 28 Greatest Overweight (x) 5 | 1 . . 5 Average Overweight (x) . | . . . . Largest Inventory Capacity 8 | 8 8 8 8 Average Capacity 7 | 7 8 8 8 Most Carried 8 | 5 4 6 8 Average Carried 6 | 1 2 5 6 Final Capacity 8 | 8 8 8 8 Final Carried 6 | 1 4 6 6 Class Distribution -------------------- 53% | Mutant 46% | Skirmisher Dominant Class ---------------- Mutant | -10/Materials Mutant | -10/Subcaves Skirmisher | -8/Materials Resources | -11 -10 -10 -8 ----------- Run | Yrd Mat Sub Mat Matter Collected 768 | 225 60 6 477 Remotely . | . . . . Salvage Created 697 | . 68 . 629 Parts 31 | . 6 . 25 Haulers Intercepted 1 | . . . 1 Recyclers Shooed 1 | . . . 1 Parts Field Recycled . | . . . . Retrieved Matter . | . . . . Parts Self-Destructed . | . . . . Prevented . | . . . . Kills | -11 -10 -10 -8 ------- Run | Yrd Mat Sub Mat Combat Hostiles Destroyed 16 | . 3 . 13 Guns 6 | . 3 . 3 Cannons 10 | . . . 10 Classes Destroyed 8 | . 2 . 6 Hauler 1 | . . . 1 Recycler 1 | . . . 1 Watcher 3 | . 1 . 2 Swarmer 3 | . 3 . . Grunt 6 | . . . 6 Sentry 5 | . . . 5 Specialist 1 | . . . 1 Heavy 1 | . . . 1 Best Kill Streak 4 | . 2 . 4 Combat Bots Only 3 | . 2 . 3 Max Kills in Single Turn 2 | . 2 . 1 Gunslinging 1 | . 1 . . Exploded . | . . . . Melee . | . . . . Uniques/NPCs Destroyed . | . . . . Combat | -11 -10 -10 -8 -------- Run | Yrd Mat Sub Mat Hostile Shots Fired 138 | . 7 2 129 Missed 32 | . 4 2 26 Damage Taken 2338 | . 193 . 2145 Core 727 | . 169 . 558 Absorbed by Shields 101 | . . . 101 Core Remaining (%) 66 | 100 . 32 . Volleys Fired 82 | . 7 . 75 Largest 2 | . 2 . 2 Hottest 111 | . 70 . 111 Shots Fired 147 | . 14 . 133 Gun 71 | . 14 . 57 Cannon 76 | . . . 76 Launcher . | . . . . Special . | . . . . Kinetic 83 | . 7 . 76 Thermal 64 | . 7 . 57 Explosive . | . . . . Electromagnetic . | . . . . Robot Hit Streak 13 | . 4 . 13 Robot Miss Streak 3 | . 2 . 3 Penetration Max . | . . . . Secondary Targets 1 | . 1 . . Max Gunslinging Chain 1 | . 1 . . Shots Hit Robots 92 | . 8 . 84 Core Hits 33 | . 5 . 28 Critical Kills . | . . . . Critical Parts Destroyed . | . . . . Critical Strikes 5 | . . . 5 Burn 2 | . . . 2 Blast 3 | . . . 3 Melee Attacks . | . . . . Impact . | . . . . Slashing . | . . . . Piercing . | . . . . Sneak Attacks . | . . . . Combat Hostiles . | . . . . Follow-up Attacks . | . . . . Damage Inflicted 2046 | . 120 . 1926 Guns 626 | . 120 . 506 Cannons 1420 | . . . 1420 Explosions . | . . . . Melee . | . . . . Ramming . | . . . . Kinetic 1477 | . 57 . 1420 Thermal 569 | . 63 . 506 Explosive . | . . . . Electromagnetic . | . . . . Impact . | . . . . Slashing . | . . . . Piercing . | . . . . Highest Corruption 5 | . . . 5 Average Corruption 5 | . . . 5 Corruption Purged . | . . . . Corruption Blocked . | . . . . Effects 22 | . . . 22 Message Errors 4 | . . . 4 Matter Fused 7 | . . . 7 Heat Flow Errors 3 | . . . 3 Energy Discharges 2 | . . . 2 Data Loss (minor) 3 | . . . 3 Misfires 3 | . . . 3 Overload Shots . | . . . . Overflow Damage 15 | . . . 15 Projectiles 15 | . . . 15 Explosions . | . . . . Melee . | . . . . Knockbacks 13 | . . . 13 Impact . | . . . . Kinetic 11 | . . . 11 Secondary 2 | . . . 2 Self-Inflicted Damage . | . . . . Shots . | . . . . Rammed . | . . . . Targets Rammed . | . . . . Kicked . | . . . . Crushed . | . . . . Highest Temperature 297 | . 18 . 297 Average Temperature 68 | . 9 . 76 Received Heat Transfer 675 | . . . 675 Siege Activations . | . . . . Robots Corrupted . | . . . . Combat Hostiles . | . . . . Parts Fried . | . . . . Impact Corruptions . | . . . . Robots Melted . | . . . . Combat Hostiles . | . . . . Parts Melted . | . . . . Heat Transferred 1665 | . 185 . 1480 Parts Sabotaged . | . . . . Parts Stolen . | . . . . Parts Stripped . | . . . . Power Chain Reactions . | . . . . Alert | -11 -10 -10 -8 ------- Run | Yrd Mat Sub Mat Peak Influence 233 | . 168 . 233 Initial 44 | . . . 44 Average 135 | . 58 . 152 Maximum Alert Level 1 | . . . 1 Low Security (%) 75 | 100 100 . 70 Level 1 24 | . . . 29 Level 2 . | . . . . Level 3 . | . . . . Level 4 . | . . . . Level 5 . | . . . . High Security . | . . . . Max Security . | . . . . Squads Dispatched 2 | . . . 2 Investigation . | . . . . Extermination . | . . . . Reinforcement 2 | . . . 2 Assault . | . . . . Garrison . | . . . . Intercept . | . . . . Searches Triggered . | . . . . Construction Impeded . | . . . . Haulers Reinforced . | . . . . Active Scanning Responses . | . . . . Cargo Convoy Interrupts . | . . . . Stealth | -11 -10 -10 -8 --------- Run | Yrd Mat Sub Mat Distress Signals 2 | . 1 . 1 Communications Jammed . | . . . . Distress Signals . | . . . . Times Spotted 32 | . 7 3 22 Peak Tracking Total 5 | . 3 2 5 Tactical Retreats 4 | . 2 . 2 Traps | -11 -10 -10 -8 ------- Run | Yrd Mat Sub Mat Traps Triggered . | . . . . Indirectly . | . . . . Trap Hack Attempts . | . . . . Triggered . | . . . . Disarmed . | . . . . Reprogrammed . | . . . . Reused . | . . . . Traps Extracted . | . . . . Installed . | . . . . Triggered . | . . . . Machines | -11 -10 -10 -8 ---------- Run | Yrd Mat Sub Mat Machines Disabled 2 | . . . 2 Max in Single Turn 1 | . . . 1 Machines Repaired . | . . . . Machines Dismantled . | . . . . Machines Sabotaged . | . . . . Overloaded Fab Kills . | . . . . Hacking | -11 -10 -10 -8 --------- Run | Yrd Mat Sub Mat Machines Accessed 3 | . 1 . 2 Terminals 2 | . 1 . 1 Fabricators . | . . . . Repair Stations . | . . . . Recycling Units . | . . . . Scanalyzers 1 | . . . 1 Garrison Access . | . . . . Total Hacks 11 | . 2 . 9 Successful 6 | . 1 . 5 Failed 5 | . 1 . 4 Catastrophic 1 | . . . 1 Database Lockouts . | . . . . Manual . | . . . . Terminals 5 | . 2 . 3 Fabricators . | . . . . Repair Stations . | . . . . Recycling Units . | . . . . Scanalyzers 6 | . . . 6 Garrison Access . | . . . . Terminal Hacks 1 | . 1 . . Surveillance Status 1 | . 1 . . Fabricator Hacks . | . . . . Repair Station Hacks . | . . . . Recycling Unit Hacks . | . . . . Scanalyzer 5 | . . . 5 Insert Component 2 | . . . 2 Analyze 3 | . . . 3 Garrison Access Hacks . | . . . . Unauthorized Hacks . | . . . . Terminals . | . . . . Fabricators . | . . . . Repair Stations . | . . . . Recycling Units . | . . . . Scanalyzers . | . . . . Garrison Access . | . . . . Data Cores Recovered . | . . . . Used . | . . . . Hacking Detections 2 | . 1 . 1 Full Trace Events . | . . . . Feedback Events . | . . . . Feedback Blocked . | . . . . Robot Schematics Acquired . | . . . . Robots Built . | . . . . Authchips . | . . . . Time . | . . . . Total Robot Build Rating . | . . . . Part Schematics Acquired 2 | . . . 2 Parts Built . | . . . . Authchips . | . . . . Time . | . . . . Total Part Build Rating . | . . . . Parts Repaired . | . . . . Time . | . . . . Parts Recycled . | . . . . Recycled Matter . | . . . . Retrieved Matter . | . . . . Retrieved Components . | . . . . Parts Scanalyzed 2 | . . . 2 Part Schematics Acquired 2 | . . . 2 Parts Damaged 1 | . . . 1 Bothacking | -11 -10 -10 -8 ------------ Run | Yrd Mat Sub Mat Used RIF Installer . | . . . . Robots Hacked . | . . . . Non-combat . | . . . . Combat . | . . . . Robot Hacks Applied . | . . . . Relay Couplers Released . | . . . . Fabnet Peak Effective % . | . . . . Robots Rewired . | . . . . Allies Hacked . | . . . . Hacks Repelled . | . . . . Allies | -11 -10 -10 -8 -------- Run | Yrd Mat Sub Mat Total Allies . | . . . . Largest Group . | . . . . Highest-Rated Group . | . . . . Highest-Rated Ally . | . . . . Total Orders . | . . . . Ally Attacks . | . . . . Total Damage . | . . . . Kills . | . . . . Allies Corrupted . | . . . . Allies Melted . | . . . . Intel | -11 -10 -10 -8 ------- Run | Yrd Mat Sub Mat Robot Analysis Total . | . . . . Derelict Logs Recovered 1 | . . 1 . Drone Launches . | . . . . Drone Recoveries . | . . . . Exploration | -11 -10 -10 -8 ------------- Run | Yrd Mat Sub Mat Turns Passed 1495 | 61 155 83 1196 Spaces Moved 585 | 50 92 57 386 Core 22 | 21 . . 1 Treads . | . . . . Legs 183 | 29 92 57 5 Wheels 380 | . . . 380 Hover . | . . . . Flight . | . . . . Fastest Speed 50 | 50 120 120 100 Average Speed 106 | 97 120 120 102 Slowest Speed 300 | 190 120 120 300 Overloaded Moves . | . . . . Propulsion Burnouts . | . . . . Robots Hopped . | . . . . Cave-ins Triggered 1 | . . . 1 Exploration Rate (%) 16 | 4 30 6 25 Regions Visited 3 Branch Regions 1 Pre-discovered Areas . | . . . . Known Exits Taken 1 | . . 1 . Unknown Exits Taken 2 | 1 1 . . Scrap Searched . | . . . . Spaces Dug 8 | . . . 8 Terrain Destroyed 18 | . . . 18 Melee . | . . . . Projectile 18 | . . . 18 AOE . | . . . . Terrain Rammed . | . . . . Walls Destroyed . | . . . . Machines Disabled . | . . . . Actions | -11 -10 -10 -8 --------- Run | Yrd Mat Sub Mat Total 1312 | 61 122 71 1058 Wait 579 | . 19 14 546 Move 582 | 49 91 56 386 Hop . | . . . . Pick Up 32 | 6 4 1 21 Fast Attach 1 | 1 . . . Attach 20 | 5 1 . 14 Detach 1 | . . . 1 Swap 6 | . . . 6 Drop 9 | . . . 9 Fire 82 | . 7 . 75 Melee . | . . . . Ram . | . . . . Kick . | . . . . Crush . | . . . . Escape Stasis . | . . . . Rewire . | . . . . Trap . | . . . . Miscellaneous . | . . . . Route ------- -11/Scrapyard -10/Materials -10/Subcaves -8/Materials (discovered 1 exit: *Fac) History --------- Turn | Location | Event 5 | -11/Scrapyard | Discovered new exit (range 16) 62 | -11/Scrapyard | Entered Materials 211 | -10/Materials | Discovered new exit (range 6) 212 | -10/Materials | Core integrity fell below 50% 217 | -10/Materials | Entered Subcaves 250 | -10/Subcaves | Identified exit to Materials 300 | -10/Subcaves | Entered Materials 300 | -8/Materials | Evolved 4 slots: Utility x4 305 | -8/Materials | Build established: Mutant 527 | -8/Materials | Lost 3 parts (1p1u1w) 632 | -8/Materials | Crushed by falling debris 1086 | -8/Materials | Build established: Skirmisher 1196 | -8/Materials | Core integrity fell below 50% 1390 | -8/Materials | Discovered new exit (range 10) 1398 | -8/Materials | Identified exit to Factory 1479 | -8/Materials | Core integrity fell below 20% 1496 | -8/Materials | Destroyed by G-47 Trooper with Particle Gun Last Messages --------------- 01473_ Penetrated by Slug. 01475_ H-61 Shepherd destroyed. 01475_ Slug penetrates Wall. 01477_ R-06 Scavenger collects Corrupted Lgt. Ion Engine. 01478_ Penetrated by Slug. 01480_ R-06 Scavenger collects Corrupted Wheel. 01481_ System corrupted: Matter fused (-9). 01481_ U-05 Engineer builds a Wall. 01481_ Penetrated by Slug. 01482_ Arm. Huge Wheel destroyed. 01484_ Penetrated by Slug. 01485_ Shield Generator destroyed. 01486_ X-62 Marksman knocked back. 01488_ X-62 Marksman destroyed. 01489_ U-05 Engineer builds a Wall. 01490_ Penetrated by Slug. 01493_ Adv. Assault Cannon destroyed. 01496_ Penetrated by Slug. 01496_ Trap Scanner destroyed. Map ----- +----------------------------------------------------+ | ?????????????????????????????????????# ""????????? | | ?????????????????????????????????????# ??????????? | | ?????????????????????????????????????# ???????"" | | ??????????????????????????????????????????????"" | | ?????????????????????????????????????????????????? | | ?????????????????????????????????????????????????? | | ?????????????????????????????????????????????????? | | ?????????????????????????????????????????????????? | | ?????????????????????????????????????????????????? | | ?????????????????????????????????????????????????? | | ?????????????????????????????????????????????????# | | ?????????????????????????????????????????????????# | | ?????????????????????????????????????????????????# | | ?????????????????????????????????????????????????# | | ?????????????????????????????????????????????????# | | ????????????????????????????????????????###??????# | | ???????????????????????????????????###### ###????# | | ?????????????????#?????????????????# [#????# | | ?????????????????# ????????????????# """" #????# | | ????????????#????# ??????????????## """"*#????# | | ???????????## ??? ?????????????## """" ###### | | ?????????### ###+########?????## # # | | ???????? %!%%% ##??????# " + | | ???????? gg %!* ##??????# = T # | | ???????????# u %%= ##??????# == " # """ | | ???????????# #######x@ ##??????# # """ | | ??????????????????????##%% #???????########## """ | | ??????????????????????##%< ########## #### | | ??????????????????????## ! | | ??????????????????????############### ## | | ???????????????????????###??????????# #####+### | | ?????????????????????????????????#### ##??#%= | | ?????????????????????????????????# #??#% | | ?????????????????????????????????#! !#??## "" | | ?????????????????????????????????##!!!!##???# """" | | ??????????????????????????????????######???## """" | | ???????????????????????????????????????????## | | ???????????????????????????????????????????## | | ????????????????????????????????????????????# | | ????????????????????????????????????????????###### | | | | | | | | | | | | | | | | | | | | | +----------------------------------------------------+ Best States ------------- Heat Dissipation 50 Energy Generation 14 Energy Capacity 265 Matter Stores 300 Matter Capacity 300 Sight Range 16 Robot Scan Range 14 Terrain Scan Density 10 Armor Coverage 800 Evasion (%) 55 Item Schematics ----------------- Arm. Huge Wheel | -8/Materials | Scanalyzed Microactuators | -8/Materials | Scanalyzed Robot Schematics ------------------ None Fabricated ------------ Nothing Alien Tech Used ----------------- None Achievements -------------- None Challenges ------------ None Game ------ Seed TransportArchitectShielding Manual? 0 Play Time 00:15:39 Cumulative 19.7 hours Start 2024.08.03 @ 18:05:07 End 2024.08.03 @ 18:21:25 Sessions 1 Manual Loads 0 Difficulty Rogue Special Mode None Game No. 30 Rogue 26 Adventurer 4 Explorer 0 Win Type - Total 0 Types 0/0/0/0/0/0/0/0/0 Lore% 7 Gallery% 24 Achievement% 16 Wizard Run 0 Options --------- Layout 1 ASCII 0 Keyboard 0 Movement Mouse Keybinds 0 Fullscreen 2 Font 24/Smallcaps Map View 50x35 Zoom Use 0% Tactical HUD 1 Map Filters NONE Filters NONE Steam 1 RUN: d9d08a17-8dc1-4d90-bb61-c394b1734860